cohdb
Replays
Latest Replays
All Replays
Popular Replays
Top Player Replays
Match Explorer
How It Works
Community
CoH3 Stats
Reddit
Sign in to upload your games and track your stats! →
Sign in with Steam
Match 39809376
Unlisted
Match 39809376
Overview
Messages
Build Orders
End
Kradschützen Motorcycle Team
Panzergrenadier Squad
Panzergrenadier Squad
Construct Light Support Kompanie
MG34 Team
2.5-tonne Medical Truck
Fire Support Elements
Panzerjäger Mechanized Group
Selects Panzerjäger Kommand Battlegroup
Selects Blockade Equipment
Selects Tank Busters
Combat Half-tracks
Vehicle Survival Package
Construct Panzerarmee Kommand
Panzerjäger Mechanized Group
Veteran Squad Leaders
Emergency Repair Kits
Panzer III L Medium Tank
Panzer III L Medium Tank
Tungsten Core Ammunition
Advanced Optics
Selects Defensive Positions
Selects Butterfly Bomb Drop
Butterfly Bomb Drop
Selects Crew Shock Tactics
Selects Elefant Tank Destroyer
Elefant Tank Destroyer
Butterfly Bomb Drop
Panzerjäger Mechanized Group
Elefant Tank Destroyer
Butterfly Bomb Drop
Rapid Advance
Butterfly Bomb Drop
Panzergrenadier Squad
Panzer III L Medium Tank
Armored Reserves
Butterfly Bomb Drop
Murder Murphy
Dragon__Spirit
专打苏联dog
Oncle-Hô
mp5
epic duck
Dawes
Solimanator
0
0
Comments
sign in to comment!
No comments posted yet!